 Dungeon Crawl Stone Soup version 0.27.1-1-g398f81649c (console) character file.

Game seed: 12543997343270104826

9569 thromnambular the Nimble (level 11, -1/123 HPs)
             Began as a Djinni Transmuter on Sept 9, 2021.
             Was a Priest of Trog.
             Slain by a red devil (16 damage)
             ... summoned by a kobold demonologist
             ... on level 11 of the Dungeon.
             The game lasted 00:37:13 (15142 turns).

thromnambular the Nimble (Djinni Transmuter)       Turns: 15142, Time: 00:37:14

Health: -1/123     AC:  0    Str: 12      XL:     11   Next: 76%
Gold:   173        EV: 13    Int: 19      God:    Trog [***...] SH:  4 Dex: 11 (13)

rFire    + + .     SeeInvis .   p - +2 flail (protect)
rCold    x . .     Faith    .   J - +0 buckler
rNeg     . . .     Spirit   .   x - +1 ring mail {rPois}
rPois    ∞         Reflect  .   a - +2 helmet
rElec    .         Harm     .   l - +0 cloak
rCorr    .         Rampage  .   A - +2 pair of gloves
Will     +....                  (boots unavailable)
Stlth    ..........             (no amulet)
HPRegen  0.30/turn              D - ring of Mirth {rPois Int+3}
MPRegen  0.00/turn              (no ring)

@: berserking, corroded, under a protective aura, flying, very quick
A: sickness immunity, fire resistance 2, cold vulnerability 1, float, innate
caster, hp casting, extra vitality 1, iridescent scales 1
a: Renounce Religion, Berserk, Trog's Hand


You were on level 11 of the Dungeon.
You worshipped Trog.
Trog was most pleased with you.
You visited 1 branch of the dungeon, and saw 11 of its levels.

You collected 467 gold pieces.
You spent 294 gold pieces at shops.

Inventory:

Hand Weapons
 n - a +0 quarterstaff
 p - a +2 flail of protection (weapon)
Missiles
 e - a throwing net
 G - 29 poisoned darts (quivered)
Armour
 a - a +2 helmet (worn)
 l - a +0 cloak (worn)
 x - a +1 ring mail of poison resistance (worn)
 A - a +2 pair of gloves (worn)
 J - a +0 buckler (worn)
Jewellery
 D - the ring of Mirth (left hand) {rPois Int+3}
   (You found it on level 9 of the Dungeon)

   [ring of poison resistance]

   Int:       It affects your intelligence (+3).
   rPois:     It protects you from poison.
Wands
 k - a wand of acid (1)
 q - a wand of charming (7)
 B - a wand of flame (10)
 E - a wand of iceblast (19)
 K - a wand of paralysis (9)
Scrolls
 c - 4 scrolls of teleportation
 f - a scroll of silence {unknown}
 h - 2 scrolls of noise
 i - 2 scrolls of torment
 m - 2 scrolls of amnesia
 t - a scroll of enchant armour {unknown}
 u - a scroll of fog {unknown}
 v - 3 scrolls of fear
 y - a scroll of vulnerability
 z - a scroll of holy word {unknown}
 C - a scroll of blinking
 F - 2 scrolls of brand weapon {unknown}
Potions
 b - 3 potions of cancellation
 d - a potion of ambrosia
 g - a potion of haste
 j - a potion of resistance
 o - a potion of mutation
 s - 4 potions of lignification
 w - a potion of might
 H - a potion of magic {unknown}
 I - 2 potions of degeneration {unknown}
 L - a potion of curing {unknown}


   Skills:
 + Level 8.8 Fighting
 + Level 6.5 Maces & Flails
 - Level 1.4 Polearms
 - Level 0.3(4.6) Staves
 + Level 8.3 Armour
 + Level 9.7 Dodging
 + Level 3.7 Shields
 - Level 3.7 Unarmed Combat
 - Level 2.3 Spellcasting


You couldn't memorise any spells.
You knew the following spells:

 Your Spells              Type           Power      Damage    Failure   Level
a - Beastly Appendage     Tmut           22%        N/A       13%         1
b - Wereblood             Tmut           11%        N/A       19%         2
c - Spider Form           Tmut/Pois      5%         N/A       36%         3
d - Ice Form              Ice/Tmut       11%        N/A       77%         4
e - Magic Dart            Conj           44%        1d5       13%         1
f - Corpse Rot            Necr/Air       N/A        N/A       19%         2
g - Stone Arrow           Conj/Erth      22%        3d8       36%         3
h - Tukima's Dance        Hex            11%        N/A       36%         3
i - Summon Ice Beast      Ice/Summ       11%        N/A       77%         4
Your spell library was empty.

Dungeon Overview and Level Annotations

Branches:
Dungeon (11/15)            Temple (0/1) D:5
   Lair: D:8-11         Orc: D:9-12

Altars:
Ashenzari
Hepliaklqana
Ru
Trog
The Shining One

Shops:
D:3 [   D:6 (


Innate Abilities, Weirdness & Mutations

You are immune to sickness and miasma.
You are immune to poison.
Your flesh is very heat resistant. (rF++)
You are vulnerable to cold. (rC-)
You float through the air rather than walking.
You learn spells naturally, not from books.
Your magical power is your life essence.
You have superior vitality. (+4 HP)
You are partially covered in iridescent scales. (AC +2)


Message History

The ufetubus closely misses you. The rust devil hits you!
The rust devil corrodes you! The smoke demon gestures at you.
The ball of steam hits the quasit!
The quasit resists.
The quasit dies!
The ball of steam hits you! You resist.
The red devil hits you from afar with a +0 trident!
The kobold demonologist mumbles some strange words.
The ufetubus misses you. You block the ufetubus's attack.
The kobold throws a stone.
The stone hits you.
You hit the kobold demonologist but do no damage.
Your weapon exudes an aura of protection.
The kobold demonologist is almost dead.
The rust devil hits you. The rust devil corrodes you!
The ufetubus barely misses you. The ufetubus hits you.
* * * LOW HITPOINT WARNING * * *
You block the red devil's attack.
You block the kobold demonologist's attack.
You block the rust devil's attack.
A red film seems to cover your vision as you go berserk!
You feel yourself moving faster!
You feel mighty! The ufetubus closely misses you.
You block the ufetubus's attack. The smoke demon barely misses you.
The smoke demon closely misses you. x2
You block the ufetubus's attack. The ufetubus barely misses you.
The red devil closely misses you.
The kobold demonologist hits you with a +0 dagger.
* * * LOW HITPOINT WARNING * * *
You block the kobold's attack. The rust devil hits you.
* * * LOW HITPOINT WARNING * * *
The rust devil corrodes you!
You closely miss the kobold demonologist.
The kobold demonologist is almost dead.
The ufetubus hits you.
* * * LOW HITPOINT WARNING * * *
The ufetubus closely misses you. The smoke demon hits you!
* * * LOW HITPOINT WARNING * * *
You block the smoke demon's attack. The smoke demon hits you.
* * * LOW HITPOINT WARNING * * *
The red devil hits you from afar with a +0 trident!
You die...

..# ###... ..#
#.>. #.# #...
#.# #... #.#
#.## #.###
+.#. #...# #
#.
#K######..<#
#.
#5K4@5§....#
#.
#.KK3K§....#
##
#.).4K5.###..#
#.....###
#..... #.....
#......
.......
#......
####...
#..#### #...


You could see a rust devil (summoned), a kobold demonologist, a smoke demon
(summoned), a red devil (summoned), a kobold brigand, an iron imp (summoned), a
shadow imp (summoned), an ufetubus (summoned) and 4 kobolds.

Vanquished Creatures
  A centaur warrior (D:10)
  2 two-headed ogres
  A cyclops (D:9)
  A hornet (D:9)
  25 yaks
  2 water moccasins
  A sky beast (D:7)
  An orc warrior (D:9)
  3 ice beasts
  3 centaurs
  A phantom (D:5)
  3 ogres
  3 kobold brigands
  A bullfrog (D:6)
  A gnoll sergeant (D:9)
  2 scorpions
  2 water moccasin skeletons
  2 killer bees (D:9)
  3 wights
  6 howler monkeys
  A bullfrog zombie (D:6)
  6 centaur zombies
  A hound (D:5)
  3 jellies
  3 orc priests
  A centaur skeleton (D:6)
  An iguana (D:5)
  Ijyb (D:3)
  A scorpion zombie (D:5)
  4 orc wizards
  A hound skeleton (D:5)
  Robin (D:4)
  4 gnolls (D:9)
  5 adders
  3 shadow imps (D:7)
  2 worms (D:2)
  4 dart slugs
  24 orcs
  5 endoplasms
  3 giant cockroaches
  12 goblins
  11 hobgoblins
  A jackal (D:5)
  6 quokkas
  6 ball pythons
  12 bats
  3 frilled lizards
  15 kobolds
  12 rats
216 creatures vanquished.

Vanquished Creatures (collateral kills)
  2 wights (D:9)
2 creatures vanquished.

Vanquished Creatures (others)
  A killer bee (D:9)
  42 plants (D:11)
43 creatures vanquished.

Grand Total: 261 creatures vanquished

Notes
Turn   | Place    | Note
-------+----------+-------------------------------------------
     0 | D:1      | thromnambular the Djinni Transmuter began the quest for the
                  | Orb.
     0 | D:1      | Reached XP level 1. HP: 17/17 MP: 0/0
   440 | D:1      | Reached XP level 2. HP: 22/22 MP: 0/0
  1557 | D:1      | Reached XP level 3. HP: 24/27 MP: 0/0
  1557 | D:1      | Learned a level 1 spell: Magic Dart
  2454 | D:2      | Reached XP level 4. HP: 30/33 MP: 0/0
  3133 | D:2      | Reached skill level 3 in Dodging
  3601 | D:3      | Noticed Ijyb
  3697 | D:3      | Killed Ijyb
  3698 | D:3      | Reached XP level 5. HP: 25/39 MP: 0/0
  3698 | D:3      | Learned a level 2 spell: Corpse Rot
  3974 | D:3      | Found Xuim's Armour Shoppe.
  3991 | D:3      | Bought a +0 cloak for 63 gold pieces
  4205 | D:3      | Found a faded altar of an unknown god.
  4265 | D:3      | Became a worshipper of Trog the Wrathful
  4265 | D:3      | Reached * piety under Trog
  5099 | D:4      | Reached skill level 1 in Armour
  5099 | D:4      | Reached XP level 6. HP: 45/45 MP: 0/0
  5252 | D:4      | Noticed an ogre
  5263 | D:4      | Killed an ogre
  5264 | D:4      | Reached skill level 1 in Polearms
  5341 | D:4      | Noticed Robin
  5343 | D:4      | Noticed an ogre
  5385 | D:4      | Killed an ogre
  5386 | D:4      | Reached skill level 4 in Dodging
  5386 | D:4      | Reached XP level 7. HP: 50/50 MP: 0/0
  5386 | D:4      | Learned a level 3 spell: Stone Arrow
  5388 | D:4      | Killed Robin
  5829 | D:5      | Entered Level 5 of the Dungeon
  6037 | D:5      | Found a staircase to the Ecumenical Temple.
  6190 | D:5      | Reached skill level 1 in Maces & Flails
  6523 | D:5      | Reached XP level 8. HP: 58/58 MP: 0/0
  6531 | D:5      | Gained mutation: You are partially covered in iridescent
                  | scales. (AC +2) [potion of mutation]
  6601 | D:5      | Reached skill level 5 in Dodging
  6778 | D:5      | Reached ** piety under Trog
  7667 | D:6      | Identified the -4 kite shield of Dihobamn {Will- Str+2
                  | Int+5 Dex-2}
  7745 | D:6      | Found Ruocw's Weapon Emporium.
  7756 | D:6      | Reached skill level 5 in Fighting
  8027 | D:6      | Reached skill level 6 in Dodging
  8027 | D:6      | Reached XP level 9. HP: 65/65 MP: 0/0
  8027 | D:6      | Learned a level 3 spell: Tukima's Dance
  8351 | D:3      | Bought a +2 pair of gloves for 231 gold pieces
  9051 | D:7      | Reached skill level 5 in Armour
  9351 | D:7      | Reached skill level 7 in Dodging
  9655 | D:8      | Found a glowing golden altar of the Shining One.
  9686 | D:8      | Reached XP level 10. HP: 72/73 MP: 0/0
  9771 | D:8      | Identified the +2 robe of Xoigana {Slay+2}
 10659 | D:9      | Reached *** piety under Trog
 10725 | D:9      | Identified the ring of Mirth {rPois Int+3}
 10783 | D:9      | Found a sacrificial altar of Ru.
 10874 | D:9      | Reached skill level 5 in Maces & Flails
 10874 | D:9      | Reached skill level 8 in Dodging
 11165 | D:9      | Found a broken altar of Ashenzari.
 11167 | D:9      | Found a hazy altar of Hepliaklqana.
 11554 | D:9      | Noticed a cyclops
 12289 | D:9      | Killed a cyclops
 12630 | D:10     | Entered Level 10 of the Dungeon
 12908 | D:10     | Reached skill level 1 in Shields
 12908 | D:10     | Reached XP level 11. HP: 37/81 MP: 0/0
 12908 | D:10     | Learned a level 4 spell: Summon Ice Beast
 13251 | D:10     | Noticed a two-headed ogre
 13267 | D:10     | Killed a two-headed ogre
 13268 | D:10     | Reached skill level 9 in Dodging
 13674 | D:10     | Noticed a centaur warrior
 13709 | D:10     | Killed a centaur warrior
 14627 | D:11     | Noticed a two-headed ogre
 14640 | D:11     | Killed a two-headed ogre
 14808 | D:11     | Noticed a death knight
 15142 | D:11     | Slain by a red devil

Illustrated notes

Levels and vault maps discovered:
D:1:      minmay_arrival_radiant_lines, layout_basic, minmay_tromino_v4_c
D:2:      layout_basic, st_stairs_10, hangedman_decor_clover_reticule
D:3:      layout_loops_ring, serial_shops, shop,
          dreamdust_ecumenical_altar_statues, uniq_ijyb
D:4:      layout_basic, nrook_loot_triangle, uniq_robin
D:5:      kb_forest_paths, layout_basic, minmay_temple_entry_proselytizer
D:6:      layout_rooms, serial_shops, shop_statue
D:7:      layout_cave_pods
D:8:      layout_loops_ring, tso_metal_star
D:9:      layout_roguey, nicolae_ru_great_annihilating_truth,
          grunt_temple_overflow_open, kennysheep_pointless_box,
          lightli_fourway_metalbox
D:10:     layout_gridville
D:11:     layout_irregular_city, david_lair_shrubbed

Skill      XL: |  1  2  3  4  5  6  7  8  9 10 11 |
---------------+----------------------------------+-----
Spellcasting   | 2 |  2.3
Fighting       | 2 3 4 5 6 7 8 |  8.8
Dodging        | 3 4 6 7 8 9 |  9.7
Armour         | 1 2 3 4 5 7 8 |  8.3
Polearms       | 1 |  1.4
Maces & Flails | 1 3 4 5 6 |  6.5
Shields        | 1 3 |  3.7
Staves         | |  0.3
Unarmed Combat | |  3.7

Action                   |  1- 3 |  4- 6 |  7- 9 | 10-12 || total
-------------------------+-------+-------+-------+-------++-------
Melee: Unarmed           |   104 |   124 |       |       ||   228
       Headbutt          |    10 |       |       |       ||    10
       Punch             |     1 |       |     8 |     5 ||    14
       Flail             |       |    52 |   397 |   503 ||   952
Throw: Dart              |       |       |       |     5 ||     5
 Cast: Beastly Appendage |    18 |     2 |       |       ||    20
       Wereblood         |     1 |       |       |       ||     1
       Magic Dart        |    28 |    22 |       |       ||    50
       Spider Form       |     1 |     4 |       |       ||     5
Invok: Berserk           |       |     3 |     4 |     7 ||    14
       Trog's Hand       |       |       |       |     4 ||     4
Evoke: Wand              |       |     1 |       |    10 ||    11
  Use: Scroll            |       |     1 |     7 |     7 ||    15
       Potion            |       |     1 |     1 |     2 ||     4
 Stab: Sleeping          |     1 |     1 |       |       ||     2
       Paralysed         |       |       |       |     1 ||     1
       Invisible         |       |       |       |     8 ||     8
Armor: Robe              |    25 |    24 |       |       ||    49
       Skin              |       |     1 |       |       ||     1
       Ring mail         |       |    21 |   266 |   332 ||   619
Dodge: Dodged            |    64 |   114 |   278 |   460 ||   916
Block: Buckler           |       |       |       |    77 ||    77
